 Dungeon Crawl Stone Soup version 0.20.1-1-g8b1a95d (webtiles) character file.

2 RKaid the Grave Robber (level 1, 8/13 HPs)
             Began as a Mummy Necromancer on July 31, 2017.
             Quit the game on level 1 of the Dungeon.
             The game lasted 00:00:42 (107 turns).

RKaid the Grave Robber (Mummy Necromancer)           Turns: 107, Time: 00:00:43

Health: 8/13       AC:  2    Str: 11    XL:     1   Next: 33%
Magic:  2/4        EV: 12    Int: 14    God:
Gold:   18         SH:  0    Dex: 12    Spells: 3/5 levels left

rFire    x . .     SeeInvis .   (no weapon)
rCold    + . .     Gourm    .   (no shield)
rNeg     + + +     Faith    .   a - +0 robe
rPois    ∞         Spirit   .   (no helmet)
rElec    .         Reflect  .   (no cloak)
rCorr    .         Harm     .   (no gloves)
MR       .....                  (no boots)
Stlth    ++........             (no amulet)
Regen    0.1/turn               (no ring)
MPRegen  0.1/turn               (no ring)

@: no status effects
A: no food or potions, fire vulnerability, cold resistance 1, negative energy
resistance 3, torment resistance, unbreathing
a: no special abilities


You were on level 1 of the Dungeon.
You were not hungry.

You visited 1 branch of the dungeon, and saw 1 of its levels.

You collected 18 gold pieces.

Inventory:

Hand Weapons
 e - a +0 club
   (You found it on level 1 of the Dungeon)
Missiles
 d - 5 curare-tipped needles
Armour
 a - a +0 robe (worn)
Jewellery
 c - an uncursed amulet of rage {unknown}
   (You found it on level 1 of the Dungeon)
Books
 b - a book of Necromancy


   Skills:
 + Level 0.2 Fighting
 - Level 1.5 Dodging
 - Level 1.5 Stealth
 + Level 2.6 Spellcasting
 * Level 4.1 Necromancy


You had 3 spell levels left.
You knew the following spells:

 Your Spells              Type           Power        Failure   Level  Hunger
a - Pain                  Necr           ##..         4%          1    N/A
A - Animate Skeleton      Necr           N/A          4%          1    N/A

Dungeon Overview and Level Annotations

Branches:
Dungeon (1/15)

Altars:


Innate Abilities, Weirdness & Mutations

You do not eat or drink.
Your flesh is vulnerable to fire.
You are immune to poison.
Your flesh is cold resistant. (rC+)
You are immune to negative energy. (rN+++)
You are immune to unholy pain and torment.
You can survive without breathing.


Message History

Confirm with . or Enter, or press ? or * to list all spells.
You can't see any susceptible monsters within range! (Use Z to cast anyway.)
c - a lumpy jade amulet
d - 5 curare-tipped needles You start resting.
Your magical contamination has completely faded away.
Found a stone staircase leading down.
A jackal comes into view.
The jackal barks!
You see here a club.
A jackal is nearby!
e - a club A jackal comes into view.
Casting: Pain
Confirm with . or Enter, or press ? or * to list all spells.
Aiming: Pain
Press: ? - help, Shift-Dir - straight line, f - jackal
Aim: a jackal (chance to defeat MR: 83%)
The jackal writhes in agony!
The jackal barks!
The jackal moves out of view.
Casting: Pain
Confirm with . or Enter, or press ? or * to list all spells.
Aiming: Pain
Press: ? - help, Shift-Dir - straight line, f/p - jackal
Aim: a jackal (severely wounded, chance to defeat MR: 83%)
The jackal writhes in agony!
You kill the jackal!
Casting: Pain
Confirm with . or Enter, or press ? or * to list all spells.
Aiming: Pain
Press: ? - help, Shift-Dir - straight line, f - jackal
Aim: a jackal (chance to defeat MR: 83%)
The jackal writhes in agony!
Casting: Pain
Confirm with . or Enter, or press ? or * to list all spells.
Aiming: Pain
Press: ? - help, Shift-Dir - straight line, f/p - jackal
Aim: a jackal (heavily wounded, chance to defeat MR: 83%)
The jackal writhes in agony!
Casting: Pain
Confirm with . or Enter, or press ? or * to list all spells.
You don't have enough magic to cast that spell.
A giant cockroach comes into view.
The jackal barely misses you.
A bat comes into view.
The bat misses you. The jackal misses you. The bat closely misses you.
The jackal bites you but does no damage.
The bat hits you. The bat hits you but does no damage.
The bat barely misses you.
A gnoll comes into view. It is wielding a club.
The gnoll shouts!
The bat hits you but does no damage.
The jackal bites you but does no damage.
The bat barely misses you.
A kobold comes into view.
The bat closely misses you.
The jackal bites you but does no damage.
A rat comes into view.
The bat barely misses you. The gnoll closely misses you. The bat misses you.
The jackal barely misses you.
A frilled lizard comes into view.
The bat misses you.
Really attack barehanded? [Y]es or [N]o only, please.
Really attack barehanded? [Y]es or [N]o only, please.
Really attack barehanded? [Y]es or [N]o only, please.
Really attack barehanded?
Okay, then.
Unknown command.
The kobold shouts!
The frilled lizard hisses angrily.
The bat hits you but does no damage. The giant cockroach bites you.
The bat misses you. The kobold misses you. The jackal barely misses you.
The frilled lizard barely misses you. The gnoll closely misses you.
Really attack barehanded? [Y]es or [N]o only, please.
Really attack barehanded? [Y]es or [N]o only, please.
Really attack barehanded?
Okay, then.
The bat closely misses you. The frilled lizard bites you.
Really attack barehanded?
Okay, then.
The bat closely misses you. The bat hits you but does no damage.
The rat bites you. The jackal bites you. The bat closely misses you.
The rat misses you. The giant cockroach barely misses you.
Unknown command.
A leopard gecko comes into view.
The bat closely misses you.
The leopard gecko hisses angrily.
The bat closely misses you.
Really attack barehanded? [Y]es or [N]o only, please.
Really attack barehanded?
Okay, then.
Are you sure you want to abandon this character and quit the game? (Confirm with "yes".)

#..............####...# ###...
#.....................+.......
#.#...................#####...
#.......#.............####....
#.......#.....................
#.......#...........#.........
#....l.g....#......###
#...hbr.....#.........
#....@sK....#.........
#...........#.........
#...........#.........
..l...........#.........
..................#.....
........................
...........###....###...
...........# #.... #.... ..
#..$.


You could see a gnoll, a leopard gecko, a jackal, a giant cockroach, a bat, a
kobold, a frilled lizard and a rat.

Vanquished Creatures
  A giant cockroach (D:1)
  A jackal (D:1)
2 creatures vanquished.

Notes
Turn   | Place    | Note
-------+----------+-------------------------------------------
     0 | D:1      | RKaid the Mummy Necromancer began the quest for the Orb.
     0 | D:1      | Reached XP level 1. HP: 13/13 MP: 4/4
     2 | D:1      | Learned a level 1 spell: Animate Skeleton
   107 | D:1      | Quit the game

Action                   || total
-------------------------++-------
 Cast: Pain              ||     5
Armor: Robe              ||     7
Dodge: Dodged            ||    24

Table legend:
 A = Turns spent in this place as a percentage of turns spent in the entire game.
 B = Non-inter-level travel turns spent in this place as a percentage of non-inter-level travel turns spent in the entire game.
 C = Inter-level travel turns spent in this place as a percentage of turns spent in this place.
 D = Turns resting spent in this place as a percentage of non-inter-level travel turns spent in this place.
 E = Turns spent auto-exploring this place as a percentage of non-inter-level travel turns spent in this place.
 F = Non-inter-level travel turns spent in this place divided by the number of levels of this place that you've seen.
                   A       B       C       D       E      F
               +-------+-------+-------+-------+-------+----------------------
         Total | 100.0 | 100.0 |   0.0 |   2.4 |   4.7 |  85.0
       Dungeon | 100.0 | 100.0 |   0.0 |   2.4 |   4.7 |  85.0
               +-------+-------+-------+-------+-------+----------------------

Table legend:
 A = Kills in this place as a percentage of kills in entire the game.
 B = Kills by you in this place as a percentage of kills by you in the entire game.
 C = Kills by friends in this place as a percentage of kills by friends in the entire game.
 D = Other kills in this place as a percentage of other kills in the entire game.
 E = Experience gained in this place as a percentage of experience gained in the entire game.
 F = Experience gained in this place divided by the number of levels of this place that you have seen.
                   A       B       C       D       E      F
               +-------+-------+-------+-------+-------+----------------------
         Total | 100.0 | 100.0 |  -nan |  -nan | 100.0 |   4.0
       Dungeon | 100.0 | 100.0 |  -nan |  -nan | 100.0 |   4.0
               +-------+-------+-------+-------+-------+----------------------
